 Dungeon Crawl Stone Soup version 0.28-a0-1415-g7c84da036a (webtiles) character file.

Game seed: 9654263907284807562

583 caiodrago the Covered (level 7, -5/60 HPs)
             Began as a Minotaur Fighter on Jan 2, 2022.
             Was an Initiate of Yredelemnul.
             Slain by a two-headed ogre (15 damage)
             ... on level 7 of the Dungeon on Jan 7, 2022.
             The game lasted 00:36:54 (3409 turns).

caiodrago the Covered (Minotaur Fighter)            Turns: 3409, Time: 00:36:56

Health: -5/60      AC: 11    Str: 23    XL:     7   Next: 14%
Magic:  8/8        EV:  8    Int:  5    God:    Yredelemnul [......]
Gold:   200        SH:  4    Dex:  9    Spells: 6/6 levels left

rFire   x . .      SeeInvis .   a - +0 long sword
rCold   + . .      Faith    .   c - +0 buckler
rNeg    . . .      Spirit   .   x - +0 chain mail
rPois   .          Reflect  .   (helmet restricted)
rElec   .          Harm     .   z - +0 cloak
rCorr   .          Rampage  .   (no gloves)
Will    .....                   (no boots)
Stlth   ..........              (no amulet)
HPRegen 0.20/turn               y - ring of ice
MPRegen 0.11/turn               (no ring)

@: no status effects
A: horns 2, retaliatory headbutt
a: Renounce Religion, Recall Undead Harvest


You were on level 7 of the Dungeon.
You worshipped Yredelemnul.
Yredelemnul was noncommittal.
You visited 2 branches of the dungeon, and saw 8 of its levels.

You collected 200 gold pieces.

Inventory:

Hand Weapons
 a - a +0 long sword (weapon)
 f - a +0 dagger
 h - a +0 whip
 k - a +0 dagger
 l - a +0 hunting sling
 q - a +0 dagger
 r - a +0 dagger
 s - the +9 hunting sling "Jeragh" {venom, rF+}
   (You found it on level 4 of the Dungeon)

   Any ammunition fired from it poisons the flesh of those it strikes.
   rF:        It protects you from fire.
Missiles
 m - 118 stones (quivered)
 u - a throwing net
Armour
 c - a +0 buckler (worn)
 x - a +0 chain mail (worn)
 z - a +0 cloak (worn)
Jewellery
 y - a ring of ice (left hand)
Wands
 B - a wand of paralysis (5)
 D - a wand of polymorph (6)
Scrolls
 b - a scroll of brand weapon {unknown}
 i - 2 scrolls of fog {unknown}
 j - 3 scrolls of immolation {unknown}
 n - 3 scrolls of identify {unknown}
 p - a scroll of vulnerability {unknown}
 w - a scroll of magic mapping {unknown}
 A - a scroll of enchant armour {unknown}
 C - a scroll of fear {unknown}
Potions
 d - a potion of might
 e - a potion of degeneration {unknown}
 g - a potion of resistance {unknown}
 o - a potion of mutation {unknown}
 t - a potion of attraction {unknown}
 v - a potion of heal wounds {unknown}


   Skills:
 + Level 4.8 Fighting
 + Level 5.4 Long Blades
 + Level 5.5 Armour
 + Level 1.6 Dodging
 + Level 1.0 Stealth
 + Level 4.7 Shields
 * Level 2.8 Invocations


You had 6 spell levels left.
You didn't know any spells.
Your spell library contained the following spells:

 Spells                   Type           Power      Damage    Failure   Level
 Borgnjor's Revivificati  Necr           0%         N/A       100%        8
 Necromutation            Tmut/Necr      0%         N/A       100%        8
 Death's Door             Necr           0%         N/A       100%        9


Dungeon Overview and Level Annotations

Branches:
Dungeon (7/15)             Temple (1/1) D:4

Altars:
Ashenzari
Cheibriados
Dithmenos
Elyvilon
Fedhas
Gozag
Hepliaklqana
Kikubaaqudgha
Nemelex Xobeh
Okawaru
Ru
Sif Muna
Trog
Uskayaw
Vehumet
Wu Jian
Xom
Yredelemnul
Zin
The Shining One

Shops:
D:7 [


Innate Abilities, Weirdness & Mutations

You have a pair of horns on your head.
You reflexively headbutt those who attack you in melee.


Message History

The gnoll sergeant hits you from afar with a +7 spear of flaming!
The gnoll sergeant burns you. The gnoll hits you but does no damage.
There are monsters nearby!
You block the gnoll's attack.
The gnoll sergeant hits you from afar with a +7 spear of flaming.
The gnoll sergeant burns you.
You slash the gnoll!
The gnoll is severely wounded.
The gnoll hits you but does no damage.
The gnoll sergeant hits you from afar with a +7 spear of flaming!
The gnoll sergeant burns you.
* * * LOW HITPOINT WARNING * * *
The gnoll hits you but does no damage.
The gnoll sergeant hits you from afar with a +7 spear of flaming.
* * * LOW HITPOINT WARNING * * *
The gnoll sergeant burns you.
* * * LOW HITPOINT WARNING * * *
The gnoll sergeant closely misses you.
The gnoll hits you from afar with a +0 spear.
* * * LOW HITPOINT WARNING * * *
You block the gnoll sergeant's attack.
You open the door.
A sky beast comes into view.
The gnoll sergeant barely misses you.
The gnoll sergeant completely misses you.
There is an open door here.
The sky beast flickers out of sight!
Deactivating autopickup; reactivate with Ctrl-A.
Something hits you but does no damage. Something hits you but does no damage.
A two-headed ogre comes into view. It is wielding two +0 giant clubs.
The two-headed ogre shouts in stereo!
You barely miss the two-headed ogre. You headbutt the two-headed ogre!
The two-headed ogre is moderately wounded.
The two-headed ogre hits you with a +0 giant club!
* * * LOW HITPOINT WARNING * * *
The two-headed ogre hits you with a +0 giant club!
You die...
Your body rises from the dead as a mindless zombie.

≈.≈#.##.####......
≈.≈≈.##.#........
≈∩≈≈....#......#
≈≈≈≈.##.#......#
≈≈≈#.##.#......###.#
...#....'..g.......#
...####.#g.....## #
...#
#.#####g####.#.###
##.# #g#
#...@O...... #.# #g#
######.#.### #.# #g#
# ##.# #g#
...####g######
......g.g....##
#####.#........
#g#.####### #.#.# #


You could see a two-headed ogre and a gnoll sergeant.

Vanquished Creatures
  An ice beast (D:5)
  A phantom (D:5)
  A scorpion (D:5)
  A bullfrog (D:7)
  A centaur zombie (D:5)
  A hound (D:6)
  2 jellies (D:5)
  An iguana (D:5)
  An ufetubus (D:6)
  2 dart slugs (D:1)
  3 ball pythons
  4 bats (D:1)
  6 endoplasms
  2 giant cockroaches
  5 goblins
  3 hobgoblins
  7 jackals
  5 kobolds
  2 quokkas (D:1)
  4 frilled lizards
  4 rats
57 creatures vanquished.

Vanquished Creatures (collateral kills)
  An ogre (D:6)
1 creature vanquished.

Vanquished Creatures (others)
  A spectral jelly (D:5)
  A goblin zombie (D:4)
  A jackal zombie (D:4)
  A kobold zombie (D:4)
4 creatures vanquished.

Grand Total: 62 creatures vanquished

Notes
Turn   | Place    | Note
-------+----------+-------------------------------------------
     0 | D:1      | caiodrago the Minotaur Fighter began the quest for the Orb.
     0 | D:1      | Reached XP level 1. HP: 19/19 MP: 0/0
    86 | D:1      | Reached XP level 2. HP: 15/27 MP: 1/1
    94 | D:1      | Found a faded altar of an unknown god.
   332 | D:1      | Reached XP level 3. HP: 33/33 MP: 2/2
  1280 | D:4      | Found a staircase to the Ecumenical Temple.
  1282 | D:4      | Identified the +9 hunting sling "Jeragh" {venom, rF+}
  1293 | Temple   | Entered the Ecumenical Temple
  1512 | Temple   | Upgraded the game from 0.28-a0-1387-g3a22ab9bdc to
                  | 0.28-a0-1412-gf95308ed99
  1808 | Temple   | Upgraded the game from 0.28-a0-1412-gf95308ed99 to
                  | 0.28-a0-1415-g7c84da036a
  1810 | Temple   | Became a worshipper of Yredelemnul the Dark
  2072 | D:4      | Found a bloodstained altar of Trog.
  2086 | D:4      | Reached * piety under Yredelemnul
  2173 | D:5      | Entered Level 5 of the Dungeon
  2182 | D:5      | Reached XP level 4. HP: 20/41 MP: 3/3
  2375 | D:5      | Reached skill level 1 in Invocations
  2403 | D:5      | Reached XP level 5. HP: 40/47 MP: 4/4
  2525 | D:5      | Noticed an ice beast
  2532 | D:5      | Killed an ice beast
  2533 | D:5      | Reached skill level 1 in Dodging
  2633 | D:5      | Noticed a phantom
  2642 | D:5      | Killed a phantom
  2643 | D:5      | Reached skill level 5 in Armour
  2643 | D:5      | Reached XP level 6. HP: 42/53 MP: 6/6
  3078 | D:6      | Reached skill level 5 in Long Blades
  3082 | D:6      | Reached XP level 7. HP: 30/60 MP: 6/8
  3278 | D:7      | Found Vofocy's Antique Armour Shop.
  3287 | D:7      | Reached skill level 1 in Stealth
  3406 | D:7      | Noticed a two-headed ogre
  3409 | D:7      | Slain by a two-headed ogre

Illustrated notes

Levels and vault maps discovered:
D:1:      dpeg_arrival_erosion, layout_rooms, ebering_ecumenical_altar_ruins
D:2:      minmay_wonky_spiral, layout_loops_cross, basic_altar
D:3:      layout_basic, hangedman_decor_growths
D:4:      layout_loops_ring, trog_hazing_becter, temple_fountains,
          nicolae_shop_clearance
D:5:      nicolae_cairo_tiling_large, layout_gridville
D:6:      layout_rooms, mainiacjoe_overflow_surrounded_room,
          nicolae_qazlal_eye_of_the_storm, minmay_small_thing
D:7:      layout_basic, serial_shops, nicolae_shop_waterfront
Temple:   mainiacjoe_temple_bowtie_tessellation

Skill      XL: |  1  2  3  4  5  6  7 |
---------------+----------------------+-----
Fighting       | 4 |  4.8
Armour         | 4 5 |  5.5
Shields        | 4 |  4.7
Long Blades    | 3 4 5 |  5.4
Invocations    | 1 2 |  2.8
Dodging        | 1 |  1.6
Stealth        | 1 |  1.0

Action                   |  1- 3 |  4- 6 |  7- 9 || total
-------------------------+-------+-------+-------++-------
Melee: Long sword        |    80 |    33 |    10 ||   123
       Headbutt          |     7 |     6 |     1 ||    14
Throw: Stone             |     1 |       |       ||     1
 Stab: Distracted        |       |     1 |       ||     1
Armor: Scale mail        |    44 |       |       ||    44
       Chain mail        |       |    15 |    11 ||    26
Dodge: Dodged            |    51 |    18 |     5 ||    74
Block: Buckler           |    20 |     9 |     3 ||    32

Table legend: (Time is in decaauts)
 A = Elapsed time spent in this place.
 B = Non-inter-level travel time spent in this place.
 C = Inter-level travel time spent in this place.
 D = Time resting spent in this place.
 E = Time spent auto-exploring this place.
 F = Levels seen in this place.
 G = Mean time per level.
                   A        B        C        D        E       F      G
               +--------+--------+--------+--------+--------+-----+--------+
         Total |   3438 |   3434 |      4 |    836 |    464 |   8 |  429.8 |
       Dungeon |   2672 |   2671 |      1 |    636 |    464 |   7 |  381.7 |
        Temple |    766 |    763 |      3 |    200 |      0 |   1 |  766.0 |
               +--------+--------+--------+--------+--------+-----+--------+

Top non-repeatable levels by time:
     D:5: 812 daAuts
  Temple: 766 daAuts
     D:3: 477 daAuts
     D:1: 419 daAuts
     D:2: 333 daAuts
     D:6: 300 daAuts
     D:4: 197 daAuts
     D:7: 132 daAuts
